Map: Efflorescence LE

Players

Nightmare - Winner!

  • Race: Protoss Protoss
  • League: Gold
  • Spawn Location: 9:00

XxDepravity - Winner!

  • Race: Zerg Zerg
  • League: Gold
  • Spawn Location: 6:00

infamous

  • Race: Protoss Protoss
  • League: Gold
  • Spawn Location: 12:00

POO

  • Race: Zerg Zerg
  • League: Platinum
  • Spawn Location: 3:00

VOD

Have the link to the VOD?

Description

Opponent has a unique way of spelling GLHF

Time

  • Played on: March 23, 2019, 11:35 a.m.
  • Length: 9:28
Show
View Real Time Build Order
Export as new Build Order

Nightmare Protoss - Winner!

Build Orders: Dark Templar Rush 

Get SALT Encoding   

  1  0:00  Probe  
  12  0:05  Probe  
  14  0:15  Probe  
  15  0:24  Pylon  
  15  0:42  Probe  
  16  0:43  Gateway  
  16  0:46  Assimilator  
  16  0:54  Probe  
  17  1:06  Forge, Probe  
  18  1:18  Probe  
  19  1:26  Assimilator  
  19  1:30  Probe  
  19  1:32  Cybernetics Core  
  20  1:36  Pylon  
  20  1:40  Probe  
  21  1:48  Probe  
  22  1:56  Probe  
  23  2:05  Warp Gate  
  23  2:07  Photon Cannon  
  23  2:11  Twilight Council  
  23  2:18  Gateway  
  23  2:26  Stalker  
  25  2:54  Nexus  
  25  3:00  Nexus  
  25  3:22  Stalker  
  25  3:25  Stalker  
  29  3:42  Protoss Ground Weapons Level 1  
  27  3:53  Dark Shrine  
  27  3:55  Gateway  
  27  4:13  Probe x2  
  29  4:25  Probe x2  
  29  4:27  Pylon  
  31  4:34  Probe x2  
  31  4:38  Robotics Facility  
  33  4:41  Pylon  
  33  4:42  Probe x2, Gateway  
  33  4:52  Probe x2  
  37  5:04  Probe x2, Assimilator  
  39  5:16  Probe x2  
  39  5:17  Pylon  
  41  5:28  Probe x2, Warp Prism  
  43  5:35  Photon Cannon  
  45  5:40  Probe x2  
  47  5:43  Dark Templar x2  
  47  5:44  Dark Templar  
  47  5:48  Dark Templar  
  55  5:58  Probe x2  
  55  6:03  Gateway  
  55  6:04  Assimilator  
  57  6:10  Probe x2  
  59  6:24  Stalker x2  
  59  6:25  Stalker x2  
  67  6:29  Blink  
  67  6:50  Dark Templar  
  69  6:54  Pylon  
  69  6:55  Pylon  
  69  6:56  Pylon  
  69  7:13  Dark Templar  
  69  7:14  Dark Templar x2  
  75  7:33  Dark Templar  
  77  7:37  Gateway  
  77  7:39  Gateway  
  77  7:40  Dark Templar  
  43  8:34  Zealot  
  43  8:35  Zealot x5  
  55  9:14  Archon  
  51  9:19  Dark Templar x5  
  51  9:20  Dark Templar  
Show
View Real Time Build Order
Export as new Build Order

XxDepravity Zerg - Winner!

Build Orders: Pool First 

Get SALT Encoding   

  12  0:05  Drone  
  13  0:29  Overlord  
  13  0:30  Drone  
  14  0:57  Drone  
  15  1:08  Drone x2  
  17  1:30  Spawning Pool  
  17  1:31  Hatchery, Drone, Extractor  
  17  1:32  Drone  
  16  1:50  Drone x2  
  18  1:55  Drone  
  19  2:21  Zergling x4  
  21  2:25  Overlord  
  21  2:43  Queen  
  23  2:45  Queen  
  23  2:47  Hatchery, Drone  
  23  2:48  Drone  
  23  2:49  Drone  
  27  3:04  Metabolic Boost  
  27  3:10  Roach Warren  
  26  3:15  Zergling x4  
  28  3:24  Overlord  
  28  3:25  Overlord  
  28  3:43  Zergling x2  
  28  3:44  Zergling x8  
  29  3:55  Zergling x2  
  30  3:56  Zergling x6  
  33  4:13  Roach x5  
  43  4:17  Queen  
  45  4:30  Zergling x2  
  45  4:31  Zergling x6  
  49  4:39  Zergling x2  
  45  4:52  Roach x4  
  49  4:57  Drone  
  50  5:02  Overlord  
  50  5:28  Drone  
  50  5:29  Drone x7  
  50  5:35  Overlord  
  58  5:48  Evolution Chamber  
  57  5:51  Evolution Chamber  
  57  5:54  Roach  
  47  6:06  Zergling x2  
  47  6:08  Drone  
  47  6:09  Drone x8  
  57  6:13  Ravager x2  
  57  6:18  Zergling x6  
  48  6:34  Spore Crawler  
  48  6:36  Spore Crawler  
  48  6:38  Lair  
  48  6:39  Spore Crawler  
  45  6:42  Spore Crawler  
  45  6:44  Spore Crawler  
  45  6:46  Spore Crawler  
  41  6:50  Drone x4  
  41  6:53  Extractor  
  43  6:59  Queen  
  43  7:05  Drone x2  
  45  7:09  Extractor  
  45  7:13  Extractor  
  45  7:14  Zerg Missile Weapons Level 1  
  43  7:20  Zerg Ground Armor Level 1  
  43  7:24  Drone x2  
  43  7:25  Drone  
  46  7:31  Zergling x2  
  46  7:32  Zergling x10  
  50  7:58  Zergling x26  
  57  8:10  Queen x2  
  61  8:15  Spore Crawler  
  61  8:17  Spore Crawler  
  59  8:22  Queen  
  61  8:32  Zergling x4  
  61  8:33  Zergling x2  
  55  8:52  Roach  
  55  8:53  Roach x5  
  63  9:07  Roach  
  63  9:08  Roach  
Show
View Real Time Build Order
Export as new Build Order

infamous Protoss 

Build Orders:  

Get SALT Encoding   

  12  0:02  Probe  
  13  0:14  Probe  
  13  0:19  Pylon  
  14  0:26  Probe  
  15  0:30  Assimilator  
  15  0:43  Gateway  
  15  0:46  Probe  
  16  0:54  Pylon  
  16  0:56  Probe  
  16  1:04  Probe  
  18  1:12  Probe  
  18  1:16  Assimilator  
  19  1:24  Probe  
  20  1:31  Cybernetics Core  
  20  1:34  Zealot  
  20  1:38  Probe  
  23  1:50  Probe  
  24  2:02  Probe  
  25  2:12  Warp Gate  
  25  2:14  Probe  
  26  2:20  Nexus  
  26  2:26  Probe  
  27  2:39  Probe  
  27  2:41  Assimilator  
  28  2:46  Assimilator  
  28  2:57  Stargate  
  28  3:00  Stargate  
  28  3:03  Pylon  
  29  3:05  Probe  
  29  3:10  Zealot  
  31  3:21  Probe  
  31  3:25  Forge  
  32  3:33  Pylon  
  32  3:35  Probe  
  33  3:47  Probe  
  34  3:49  Probe  
  34  3:55  Probe  
  35  3:57  Probe  
  35  3:59  Void Ray  
  41  4:03  Probe  
  41  4:06  Void Ray  
  41  4:07  Probe  
  47  4:20  Probe  
  47  4:22  Probe  
  49  4:27  Protoss Air Weapons Level 1  
  49  4:31  Photon Cannon  
  49  4:32  Probe  
  49  4:34  Probe  
  49  4:38  Void Ray  
  51  4:44  Probe  
  52  4:46  Probe  
  57  4:58  Void Ray  
  61  5:05  Pylon  
  61  5:06  Probe  
  62  5:23  Probe  
  62  5:24  Probe  
  62  5:26  Void Ray  
  68  5:32  Pylon  
  68  5:34  Pylon  
  68  5:35  Probe  
  68  5:36  Probe, Pylon  
  70  5:45  Stargate  
  70  5:49  Void Ray  
  75  5:50  Probe  
  75  5:59  Probe  
  75  6:02  Probe  
  78  6:11  Probe  
  90  6:43  Probe  
  87  6:55  Probe  
  84  7:06  Probe  
  84  7:07  Probe  
  73  7:35  Pylon  
  72  7:38  Pylon x2  
  72  7:39  Pylon  
  72  7:41  Pylon  
  26  8:59  Nexus  
  26  9:06  Pylon  
  26  9:10  Pylon  
  26  9:15  Pylon  
  26  9:17  Pylon  
  26  9:25  Pylon  
Show
View Real Time Build Order
Export as new Build Order

POO Zerg 

Build Orders: Hatch First 

Get SALT Encoding   

  12  0:02  Drone  
  13  0:15  Drone  
  13  0:17  Overlord  
  14  0:30  Extractor  
  14  0:32  Drone  
  14  0:33  Drone, Extractor  
  16  0:38  Drone  
  17  1:01  Hatchery  
  17  1:04  Drone  
  17  1:15  Spawning Pool  
  17  1:16  Extractor  
  15  1:22  Drone x2  
  17  1:26  Drone  
  18  1:37  Drone  
  19  1:46  Drone  
  20  1:55  Overlord  
  20  2:07  Zergling x2  
  21  2:12  Queen  
  23  2:16  Zergling x4  
  23  2:17  Queen  
  27  2:41  Zergling x2  
  27  2:42  Zergling x2  
  27  2:43  Metabolic Boost  
  29  2:44  Zergling x4  
  31  3:06  Drone x4  
  35  3:21  Drone  
  35  3:23  Overlord x2  
  35  3:45  Zergling x2, Drone  
  35  3:46  Zergling x6  
  35  3:48  Queen  
  40  3:57  Drone  
  40  4:08  Zergling x6  
  43  4:19  Drone  
  43  4:20  Drone  
  40  4:46  Drone  
  40  4:47  Drone x4  
  44  4:58  Drone x4  
  48  5:04  Hatchery  
  48  5:06  Hatchery  
  44  5:11  Zergling x8  
  44  5:12  Zergling x2  
  49  5:22  Zergling x6  
  49  5:23  Overlord x2  
  52  5:41  Queen x2  
  56  5:56  Zergling x12  
  56  5:57  Zergling x6  
  56  6:19  Hatchery  
  56  6:21  Zergling x4  
  56  6:22  Zergling x4  
  58  7:08  Spore Crawler  
  58  7:11  Spore Crawler  
  56  7:17  Lair  
  56  7:18  Zergling x2  
  56  7:19  Zergling x20  
  56  7:20  Zergling x4  
  69  7:34  Spine Crawler  
  65  8:03  Zergling x10  
  65  8:04  Zergling x24  
  75  8:17  Spore Crawler  
  49  9:05  Overseer x2  
  47  9:19  Spawning Pool  
Tags
 
Add a new tag
Caveats
  • Supply blocks, unpowered buildings, or Contaminate may cause inaccurate times.
  • Supply counts are checked every 10 seconds.